[Event "39th Muensterland Open 2022"]
[Site "Muenster"]
[Date "2022.10.08"]
[Round "9.5"]
[White "Dordevic, Tom"]
[Black "Bentel, Robin"]
[Result "1/2-1/2"]
[ECO "A39"]
[WhiteElo "1767"]
[BlackElo "2247"]
[Annotator "TA"]
[PlyCount "110"]
[EventDate "2022.10.01"]
[EventType "swiss"]
[EventCountry "GER"]
[SourceTitle "playchess.com"]
[Source "ChessBase"]
[SourceQuality "1"]
[TimeControl "40/5400+30:1800+30"]

1. Nf3 Nf6 2. g3 g6 3. Bg2 Bg7 4. O-O O-O 5. c4 c5 6. d4 cxd4 7. Nxd4 Nc6 8. Nc3 Nxd4 9. Qxd4 d6 10. Rd1 (10. Qd3) 10... Be6 11. Qd2 {[%emt 0:07:49] Inhibits Nd5. A39: Symmetrical English vs ...g6: 4 Bg2 Bg7 5 Nf3 Nf6 6 0-0 0-0 7 d4.} Bxc4 12. Bxb7 Rb8 13. Bg2 {[%emt 0:00:10] [#]} Qb6 $146 ({Predecessor:} 13... Nd7 14. Qc2 Qa5 15. Bd2 Rfc8 16. Nd5 Qd8 17. Bc3 Bxd5 18. Bxd5 Bxc3 19. bxc3 Qa5 {½-½ (54) Yepez Obando,O-Jimenez Zerquera,E Caracas 1967}) 14. b3 Be6 15. Bb2 h5 16. Rac1 h4 (16... Rfc8) (16... Rfc8 $11) 17. Na4 $14 Qb5 18. Bd4 (18. Rc7) ({Better is} 18. Rc7 $1 $14) 18... hxg3 19. hxg3 Qh5 20. f3 Bh3 21. e4 (21. Kf2 Bh6 22. Be3 Bxg2 23. Kxg2 (23. Bxh6 Qh2) 23... Bxe3 24. Qxe3) (21. Bxa7 $14 Bh6 22. Be3 Bxe3+ 23. Qxe3) 21... Nd7 (21... Bh6 22. Be3 (22. f4 e5) 22... Bxe3+ 23. Qxe3 Rbc8) (21... Bh6 $5 22. Be3 (22. f4 e5 $17) 22... Bxe3+ 23. Qxe3 Rbc8 $11) 22. Bxh3 (22. Bxa7 Bh6 23. f4) (22. Bxa7 $11 Bh6 23. f4) 22... Qxh3 $15 23. Qg2 Bxd4+ 24. Rxd4 Qxg2+ (24... Qh5) (24... Qh5 $15) 25. Kxg2 $11 Rfc8 {[%emt 0:01:30] Prevents Rc7.} 26. Rdc4 Rxc4 27. Rxc4 {[%emt 0:00:00][%mdl 4096] Endgame KRN-KRN} Rb7 {[%emt 0:00:55] Against Rc7} 28. Kf2 Kg7 29. Ke3 f5 30. Kd4 Ne5 31. Rc3 Rb4+ 32. Ke3 fxe4 33. fxe4 Ng4+ 34. Kf3 Ne5+ 35. Ke3 Ng4+ 36. Kf3 Nf6 37. e5 dxe5 38. Rc7 Kf7 39. Nc5 g5 40. Rxa7 g4+ 41. Ke3 Nd5+ 42. Ke2 Kf6 43. a4 e4 $1 44. Rb7 Rxb7 (44... Rd4 $1 $11) 45. Nxb7 {[%emt 0:00:00] KN-KN} Ke5 46. a5 (46. Nd8 $14) 46... Kd4 47. a6 {[%emt 0:00:00] [#] And now a7 would win.} Nc3+ 48. Ke1 {[%emt 0:00:00] Black must now prevent a7.} Nb5 49. Nd8 {[%emt 0:00:00] Strongly threatening Nc6+.} Ke3 $2 (49... Kc5 $11 {and Black stays safe.}) 50. Nc6 $18 {[%emt 0:08:22] Hoping for b4.} Nc7 51. Ne5 $2 {[%emt 0:05:28] [#]} ({White must play} 51. a7 $18) 51... Nxa6 $11 {[%emt 0:00:11] The position is equal.} 52. Nxg4+ Kf3 53. Ne5+ Kxg3 54. Ke2 Kf4 55. Ng6+ Kf5 {[%emt 0:00:23] Weighted Error Value: White=0.19 (very precise) /Black=0.27 (precise)} 1/2-1/2

[Event "39th Muensterland Open 2022"]
[Site "Muenster"]
[Date "2022.10.08"]
[Round "9.6"]
[White "Goldschmidt, Christian"]
[Black "Yin, Haode"]
[Result "1-0"]
[ECO "C08"]
[WhiteElo "2230"]
[BlackElo "1779"]
[Annotator "TA"]
[PlyCount "93"]
[EventDate "2022.10.01"]
[EventType "swiss"]
[EventCountry "GER"]
[SourceTitle "playchess.com"]
[Source "ChessBase"]
[SourceQuality "1"]
[TimeControl "40/5400+30:1800+30"]

1. e4 e6 2. d4 d5 3. Nd2 c5 4. exd5 exd5 5. Ngf3 Nf6 6. Bb5+ Bd7 7. Qe2+ Be7 {[%emt 0:00:10] C08: French Tarrasch: 3...c5 4 exd5 exd5 sidelines.} 8. Bxd7+ Nbxd7 9. O-O O-O {[%emt 0:00:47] The position is equal.} 10. dxc5 Nxc5 11. Nb3 Nce4 12. Be3 Re8 13. Qd3 Qc7 14. h3 {[%emt 0:01:45] [#]} Rad8 $146 ({Predecessor:} 14... a5 15. a4 Red8 16. c3 Nd6 17. Bf4 Qb6 18. Nbd4 Nfe4 19. b3 Rac8 20. Rac1 Nc5 {0-1 (44) Szelag,Z (1824)-Dmochowska,A (2110) Jastrzebia Gora 2019}) 15. c3 h6 16. Nfd4 Qd7 17. Bf4 a6 18. a4 Nc5 19. Nxc5 Bxc5 20. Be3 Re4 21. f3 Re7 22. Rfe1 Rde8 23. Kf1 Qc7 (23... Nh5) 24. Nf5 (24. b4 Ba7 25. Bg1) (24. b4 $1 $11 Ba7 25. Nf5 Bxe3 26. Rxe3 Rxe3 27. Nxe3) 24... Bxe3 25. Rxe3 Rxe3 26. Nxe3 Qb6 27. Nf5 Qxb2 28. Rb1 Qa3 29. Kg1 Qc5+ (29... Qxa4 30. Rxb7 Qa3 31. Kh2) (29... Re5) (29... Qxa4 $6 30. Rxb7 Qa3 31. Kh2 $11) ({Black should try} 29... a5 $17) 30. Qd4 $11 Qc7 31. Nxh6+ $1 gxh6 32. Qxf6 {[%emt 0:00:05][%mdl 4096] Endgame KQR-KQR} Re6 $132 {[%emt 0:00:00][%mdl 2048] Black is not keeping still} 33. Qd4 Qc6 34. a5 Kh7 35. Rb6 Qc7 36. Rb2 Qc6 37. Kf2 Rg6 (37... Qc7 $11) 38. Rb6 ({White should play} 38. Kf1 $14) 38... Qc7 {[%emt 0:00:14] ...Qg3+ is the strong threat.} 39. Rxg6 {[%emt 0:00:24] Active counter play!} fxg6 (39... Kxg6 $11 40. Qxd5 Qxc3) 40. Qxd5 {[%emt 0:00:08] KQ-KQ} Kh8 {[%emt 0:00:48] This move loses the game for Black.} (40... b6 $16) 41. c4 $18 Qf4 42. g3 (42. Qxb7 Qd2+ 43. Kf1 Qd1+ 44. Kf2 Qd2+ 45. Kg1 Qc1+ 46. Kh2 Qf4+ 47. g3 Qd2+ 48. Kh1 Qc1+ 49. Kh2 Qd2+ 50. Kh1 Qc1+ 51. Kh2 Qd2+ $11) 42... Qc1 {[%emt 0:02:31] [#]} (42... Qf8 {keeps fighting.} 43. h4 (43. Qxb7 Qc5+ 44. Kg2 Qxc4 $16) 43... Qb4) 43. Qd8+ ({Less strong is} 43. Qe5+ Kh7 44. Qc7+ Kh8 45. Qc8+ (45. Qxb7 Qd2+ 46. Kf1 Qd1+ 47. Kg2 Qe2+ 48. Kh1 Qe1+ 49. Kh2 Qf2+ 50. Kh1 Qe1+ 51. Kh2 Qf2+ 52. Kh1 Qe1+ $11) 45... Kg7 46. Qxb7+ Kf8 47. Qb4+ (47. Qxa6 Qd2+ 48. Kg1 Qd1+ 49. Kh2 Qe2+ 50. Kh1 Qd1+ 51. Kh2 Qe2+ 52. Kg1 Qe1+ 53. Kh2 Qf2+ 54. Kh1 Qe1+ 55. Kh2 Qf2+ 56. Kh1 Qe1+ 57. Kh2 $11) 47... Kg8 48. Qb8+ Kg7 49. Qc7+ Kh8 $18) 43... Kg7 44. Qc7+ Kf6 45. Qb6+ ({Worse is} 45. Qxb7 Qd2+ 46. Kf1 Qd1+ 47. Kg2 Qe2+ 48. Kg1 Qe1+ 49. Kh2 Qf2+ 50. Kh1 Qe1+ 51. Kh2 Qf2+ 52. Kh1 Qf1+ 53. Kh2 Qf2+ $11) 45... Kf5 $2 (45... Kg7 46. Qxb7+ Kh8) 46. g4+ Kg5 47. Qd8+ {[%emt 0:00:00] Weighted Error Value: White=0.11 (very precise) /Black=0.39} 1-0

[Event "39th Muensterland Open 2022"]
[Site "Muenster"]
[Date "2022.10.08"]
[Round "9.7"]
[White "Bungarten, Jona"]
[Black "Garbuz, Vitaliy"]
[Result "1-0"]
[ECO "B22"]
[WhiteElo "2010"]
[BlackElo "2142"]
[Annotator "TA"]
[PlyCount "108"]
[EventDate "2022.10.01"]
[EventType "swiss"]
[EventCountry "GER"]
[SourceTitle "playchess.com"]
[Source "ChessBase"]
[SourceQuality "1"]
[TimeControl "40/5400+30:1800+30"]

1. e4 c5 2. c3 Nf6 3. e5 Nd5 4. d4 cxd4 5. Nf3 Nc6 6. Bc4 Nb6 7. Bb3 d5 8. exd6 Qxd6 9. O-O Be6 10. Na3 dxc3 11. Bxe6 Qxd1 (11... fxe6 12. Qe2) 12. Rxd1 fxe6 13. Nb5 Rc8 14. Nxc3 h6 {[%emt 0:03:44] [#] B22: Sicilian: 2 c3.} 15. Nd4 $146 (15. Re1) ({Predecessor:} 15. h4 g6 16. Ne4 Bg7 17. Nc5 Kf7 18. Nxb7 Na4 19. Rd7 Ke8 20. Rd3 Rc7 21. Rb3 e5 22. Be3 {½-½ (57) Chekhov,S (2465)-Teterev,V (2502) Elets 2014}) 15... Kf7 16. Be3 Nc4 (16... g5) 17. Nxc6 Rxc6 18. Bxa7 Nxb2 19. Rdb1 Nc4 20. Ne4 (20. Rxb7 Nd6 21. Rb3) (20. Rxb7 $11 Nd6 21. Rb3) 20... Nd6 (20... b6) ({Black should play} 20... b6 $1 $15) 21. Nxd6+ $11 exd6 22. Rxb7+ Be7 23. a4 Rhc8 {[%emt 0:05:57] [#] ( -> ...Rc1+)} 24. Be3 {[%emt 0:03:16] Inhibits Rc1+.} e5 25. a5 {[%emt 0:02:02] aiming for a6.} Ra6 26. Kf1 Ke6 {[%emt 0:04:42] The position is equal.} 27. Ke2 Rca8 28. Bd2 h5 29. Ra2 g6 30. Kd3 d5 31. Ke2 Bd8 32. Rg7 Kf6 33. Rd7 Bxa5 34. Rxd5 Bxd2 35. Raxd2 {[%emt 0:01:25][%mdl 4096] Endgame KRR-KRR} Ra1 36. h4 Kf5 37. g3 R8a5 38. Rd6 Ra6 39. R6d5 R6a5 40. Rd8 R5a2 41. Rf8+ Ke6 42. Rxa2 Rxa2+ {[%emt 0:00:06] KR-KR} 43. Ke3 Ra4 44. Rb8 Rg4 45. Rb6+ Kf5 46. Ra6 Re4+ 47. Kf3 Re1 48. Ra8 e4+ 49. Kg2 Re2 50. Kg1 Re1+ 51. Kg2 e3 52. Rf8+ Ke5 53. Re8+ Kd4 54. Rg8 Ke4 {[%emt 0:02:57] Weighted Error Value: White=0.08 (flawless) /Black=0.07 (flawless)} ({But not} 54... e2 55. Kf3 Rb1 56. Kxe2 $16) (54... Re2 $11 55. Rd8+ Ke5 56. Re8+ Kd4 57. Rd8+ Ke5 58. Re8+ Kd4 59. Rd8+) 1-0

[Event "39th Muensterland Open 2022"]
[Site "Muenster"]
[Date "2022.10.08"]
[Round "9.8"]
[White "De Roda Husman, Juan"]
[Black "Woestmann, Ulrich"]
[Result "1/2-1/2"]
[ECO "B90"]
[WhiteElo "2288"]
[BlackElo "1992"]
[Annotator "TA"]
[PlyCount "75"]
[EventDate "2022.10.01"]
[EventType "swiss"]
[EventCountry "GER"]
[SourceTitle "playchess.com"]
[Source "ChessBase"]
[SourceQuality "1"]
[TimeControl "40/5400+30:1800+30"]

1. e4 c5 2. Nf3 d6 3. d4 cxd4 4. Nxd4 Nf6 5. Nc3 a6 6. h3 e5 7. Nde2 h5 {[%emt 0:00:51] B90: Sicilian Najdorf: Unusual White 6th moves, 6 Be3 Ng4 and 6 Be3 e5.} 8. g3 b5 9. Bg2 Bb7 {[%emt 0:00:59] The position is equal.} 10. Bg5 Be7 11. Bxf6 Bxf6 12. O-O {[%emt 0:01:40] [#]} Qb6 $146 (12... h4 $11 {feels stronger.}) ({Predecessor:} 12... Be7 13. Nd5 Nd7 14. Nec3 Nb6 15. f4 h4 16. fxe5 dxe5 17. Qg4 O-O 18. Rad1 Nxd5 19. Nxd5 Bxd5 20. Rxd5 Qc8 21. Rd7 Ra7 22. Rxa7 Bc5+ 23. Kh2 Qxg4 {½-½ (23) Reimann,S (2107)-Schmidt,G (2107) Bayern 2017}) 13. a4 Nd7 14. Nd5 Bxd5 15. Qxd5 Rc8 16. axb5 axb5 17. Qd2 Be7 18. Nc3 Nf6 19. Na2 O-O 20. c3 Rc4 21. Qe2 (21. Rfe1 $14) 21... Ra4 (21... d5 $5) 22. Nb4 Rfa8 23. Rad1 g6 24. h4 Kg7 25. Rfe1 R4a5 26. Qd2 R8a7 27. Bf3 Ra8 28. Kg2 Qb7 29. Qe3 Bf8 30. Rc1 {[%emt 0:08:23] White is more active.} Be7 31. Bd1 Ra1 32. Bb3 Rxc1 33. Qxc1 Qb6 (33... Nxe4 $2 34. Bd5 Qb6 35. Bxe4 $18) 34. Qd2 Qc5 35. Qe2 Ra7 36. Rd1 Bd8 37. Nd5 Rb7 38. Nxf6 {[%emt 0:00:57] Weighted Error Value: White=0.08 (flawless) /Black=0.11 (very precise)} 1/2-1/2

[Event "39th Muensterland Open 2022"]
[Site "Muenster"]
[Date "2022.10.08"]
[Round "9.9"]
[White "Barten, Ralf"]
[Black "Schmitzer, Klaus"]
[Result "0-1"]
[ECO "B12"]
[WhiteElo "2012"]
[BlackElo "2250"]
[Annotator "TA"]
[PlyCount "106"]
[EventDate "2022.10.01"]
[EventType "swiss"]
[EventCountry "GER"]
[SourceTitle "playchess.com"]
[Source "ChessBase"]
[SourceQuality "1"]
[TimeControl "40/5400+30:1800+30"]

1. e4 c6 2. d4 d5 3. e5 Bf5 4. h4 h5 5. Bd3 Bxd3 6. Qxd3 {[%emt 0:00:00][%cal Oe5e6] B12: Caro-Kann: Advance Variation.} Qa5+ 7. Nd2 {[%emt 0:00:00][%cal Oe5e6] And now e6! would win.} e6 $1 8. Ngf3 {[%emt 0:00:00] The position is equal.} Ne7 9. O-O Nf5 10. Rd1 Be7 11. g3 {[%emt 0:00:00] [#]} Nd7 $146 ({Predecessor:} 11... O-O 12. b3 Rd8 13. Nf1 c5 14. Ne3 Nxd4 15. Nxd4 cxd4 16. Qxd4 Nc6 17. Qf4 Qc3 {0-1 (23) Jeet,J (2279)-Murzin,V (2505) Chess.com INT 2021}) 12. Nb3 Qb5 13. Bg5 (13. Qxb5 $11 cxb5 14. a3) 13... Qxd3 $15 14. Rxd3 c5 15. Bxe7 c4 {[%emt 0:00:25][%mdl 64] Deflection, Double Attack} 16. Rdd1 Kxe7 (16... cxb3 {is more complex.} 17. Bd6 bxc2 18. Rd2 Nxd6 19. exd6 Nb6) 17. Nc1 b5 18. a4 b4 19. Ne2 Rhc8 20. Rdc1 Rc6 21. b3 (21. Nf4) 21... Rac8 22. Rab1 f6 {[%emt 0:04:00] Black has more active pieces.} 23. exf6+ gxf6 24. c3 (24. Re1 $15) 24... bxc3 (24... cxb3 25. Rxb3 a5) ({Black should try} 24... cxb3 $17 25. Rxb3 a5) 25. Rxc3 Nb6 (25... Kd6) (25... Kd6 $15) 26. a5 $11 Nd7 27. Nf4 cxb3 28. Rcxb3 (28. Rxc6 Rxc6 29. Rxb3) (28. Rxc6 $14 Rxc6 29. Rxb3) 28... Ra6 (28... Ng7) (28... Ng7 $1 $11 {keeps the balance.}) 29. Re1 $16 (29. Nxh5 Rxa5 30. Nf4 Kd6) ({Of course not} 29. Nxh5 $6 Rxa5 30. Nf4 Kd6 $14) 29... Rb8 {[%emt 0:02:36] Inhibits Rb7.} 30. Rxb8 (30. Rc3) 30... Nxb8 31. Nxd5+ Kf7 32. Nf4 Ng7 (32... Rxa5 33. Nxe6 (33. Rxe6 Ra3) 33... Nc6) (32... Rxa5 $14 33. Nxe6 (33. Rxe6 Ra3 $16) 33... Nc6) 33. Rb1 $18 Nc6 34. Rb7+ Kg8 35. d5 (35. Nd2 $18) 35... exd5 36. Nxd5 (36. Rc7 $142) 36... Nxa5 (36... Ne8 $142) 37. Rc7 $16 Ne8 $2 (37... Nb3 $16 38. Rc3 Rd6) 38. Re7 (38. Rc8 $142) 38... Ng7 $18 39. Rc7 $2 (39. Nd2 $18) 39... Nb3 $2 (39... Ne8 $1 $11 {and Black has nothing to worry.} 40. Rc8 Kf7 41. Rxe8 Kxe8) 40. Ne7+ Kh8 {[%emt 0:00:57] [#]} (40... Kf8 $16) 41. Kg2 $2 ({White should play} 41. Rc3 $1 $18 Rb6 42. Nd5) 41... Ne6 $14 42. Rc8+ (42. Rd7 $14) 42... Kh7 43. Nd5 Kg7 44. Rb8 (44. Rc3 $14 Nbc5 {[#]} 45. Nd4 $1) 44... Nbc5 $11 45. Ne3 Ra2 46. g4 Ne4 47. Rb7+ Kf8 48. Nd1 (48. Rb8+ $11 Kf7 49. Rb7+ Ke8 50. Kg1 (50. Rb8+ Kd7 $17)) 48... Nf4+ 49. Kf1 $2 (49. Kh1 hxg4 50. Rb4) 49... hxg4 $19 50. Nh2 g3 {[%emt 0:04:11] Black mates.} 51. Ng4 g2+ 52. Kg1 Nd2 53. Rb8+ Ke7 {[%emt 0:01:52] Quite a comeback for Black.  Weighted Error Value: White=0.65/Black=0.28 (precise)} 0-1

[Event "39th Muensterland Open 2022"]
[Site "Muenster"]
[Date "2022.10.08"]
[Round "9.10"]
[White "Bade, Hans-Juergen"]
[Black "Panjer, Sidney"]
[Result "1/2-1/2"]
[ECO "C54"]
[WhiteElo "1975"]
[BlackElo "2197"]
[Annotator "TA"]
[PlyCount "42"]
[EventDate "2022.10.01"]
[EventType "swiss"]
[EventCountry "GER"]
[SourceTitle "playchess.com"]
[Source "ChessBase"]
[SourceQuality "1"]
[TimeControl "40/5400+30:1800+30"]

1. e4 e5 2. Nf3 Nc6 3. Bc4 Bc5 4. c3 Nf6 5. d3 d6 6. Bb3 a6 7. h3 Ba7 8. Nbd2 Ne7 9. Nf1 {[%emt 0:00:33] C54: Giuoco Piano: 4 c3 Nf6, main lines with 5 d4 and 5 d3.} Ng6 10. Be3 O-O 11. Bxa7 Rxa7 12. Ne3 Be6 {[%emt 0:07:39] [#]} 13. Bxe6 $146 ({Predecessor:} 13. Bc2 d5 14. exd5 Nxd5 15. O-O c5 16. Re1 b5 17. Nf1 Ndf4 18. Ng3 Rd7 19. Nxe5 Nxe5 20. Rxe5 Nxd3 21. Bxd3 Rxd3 {½-½ (21) Day,L (2380)-Nickoloff,B (2420) North Bay 1995}) 13... fxe6 14. Qb3 Qd7 15. Ng4 (15. O-O $11 {remains equal.}) 15... b5 (15... Nf4 $17 16. O-O Nxd3 17. Nxf6+ Rxf6) 16. Nxf6+ Rxf6 17. d4 (17. Qd1 $15) 17... exd4 18. cxd4 c5 (18... Ra8 $5 ) 19. dxc5 {[%emt 0:09:31] The position is equal.} dxc5 20. O-O c4 21. Qe3 Ra8 {[%emt 0:22:32] Weighted Error Value: White=0.23 (precise) /Black=0.24 (precise)} 1/2-1/2